 Dungeon Crawl Stone Soup version 0.29-a0-330-g52719c12eb (webtiles) character file.

Game seed: 11723364928875808059

206 Crownlay the Ruffian (level 5, -1/50 HPs)
             Began as a Troll Fighter on May 6, 2022.
             Frozen to death by an endoplasm (5 damage)
             ... on level 3 of the Dungeon.
             The game lasted 00:05:08 (2355 turns).

Crownlay the Ruffian (Troll Fighter)                Turns: 2355, Time: 00:05:08

Health: -1/50      AC:  4    Str: 26    XL:     5   Next: 53%
Magic:  4/4        EV:  8    Int:  4    God:
Gold:   96         SH:  7    Dex:  9    Spells: 4/4 levels left

rFire   . . .      SeeInvis .     - Unarmed
rCold   . . .      Faith    .   b - +0 kite shield
rNeg    . . .      Spirit   .   o - +0 animal skin
rPois   .          Reflect  .   (helmet restricted)
rElec   .          Harm     .   (no cloak)
rCorr   .          Rampage  .   (gloves unavailable)
Will    .....                   (boots unavailable)
Stlth   +.........              (no amulet)
HPRegen 0.96/turn               (no ring)
MPRegen 0.09/turn               (no ring)

@: no status effects
A: large, unfitting armour, claws 3, regeneration 1, shaggy fur 1, tough skin 1
a: no special abilities


You were on level 3 of the Dungeon.
You visited 1 branch of the dungeon, and saw 3 of its levels.
You also visited: Sewer.

You collected 96 gold pieces.


Innate Abilities, Weirdness & Mutations

You are too large for most types of armour.
You have claws for hands.
Your natural rate of healing is unusually fast.
You are covered in fur. (AC +1)
You have tough skin. (AC +1)


   Skills:
 - Level 2.4 Fighting
 + Level 1.7 Throwing
 - Level 2.4 Dodging
 + Level 3.3 Shields
 * Level 4.6 Unarmed Combat


You had 4 spell levels left.
You didn't know any spells.
Your spell library was empty.

Inventory:

Missiles
 d - 53 stones (quivered)
 g - 3 atropa-tipped darts
Armour
 b - a +0 kite shield (worn)
 o - a +0 animal skin (worn)
   (You took it off Robin on level 2 of the Dungeon)
Wands
 a - a wand of iceblast (14)
   (You found it on level 3 of the Dungeon)
 p - a wand of flame (8)
   (You found it in a sewer)
 u - a wand of mindburst (10)
   (You found it on level 3 of the Dungeon)
Scrolls
 e - 3 scrolls of teleportation {@r4}
 h - a scroll of acquirement {unknown}
 i - 2 scrolls of fear
 l - a scroll of brand weapon {unknown}
Potions
 c - a potion of might
 f - a potion of ambrosia {unknown}
 j - 2 potions of haste {unknown}
 k - a potion of invisibility {unknown}
 m - a potion of heal wounds {unknown}
 n - a potion of curing {unknown}
 r - a potion of lignification {unknown}
 s - a potion of brilliance {unknown}
 t - a potion of degeneration {unknown}
Miscellaneous
 q - a lightning rod (4/4)
   (You found it in a sewer)

Dungeon Overview and Level Annotations

Branches:
Dungeon (3/15)              Sewer (visited)

Altars:

###### #.)..# #....#
#....# #....#
#.###....######
#...J@##......##
......oo##.####..####
........##.##.......##
.......###.#..#...#..##
####### #....≈≈≈≈≈...#
#..#≈≈≈≈≈≈≈#.#
#...≈≈≈≈≈≈≈..##
#...≈≈≈.≈≈≈...#
##+.≈≈≈≈≈≈≈≈...#


You could see an orc priest, an orc and an endoplasm.


Message History

Moving in this stuff is going to be slow.
t - a bubbling pink potion You open the door.
Found a stone staircase leading up.
No target in view!
There is an open door here.
There is a stone staircase leading up here.
u - a wand of mindburst (10)
You see here a +0 dagger.
You now have 96 gold pieces (gained 8).
An endoplasm comes into view.
An endoplasm is nearby!
The endoplasm quivers.
The endoplasm freezes you.
You are frozen.
HP[-3]
You take 3 damage, and now have 47/50 hp.
You mangle the endoplasm!!
You kill the endoplasm!
HP[+1] No target in view!
No target in view!
No target in view!
Found a stone staircase leading down.
HP[+2]
Your hp is fully restored (50).
There is a stone staircase leading down here.
You open the door. 2 orcs come into view.
The orc shouts!
The orc moves out of view.
Found a stone staircase leading down.
An orc priest comes into view. It is wielding a +0 short sword.
An endoplasm comes into view.
An orc priest comes into view. It is wielding a +0 whip.
You closely miss the orc. You scratch the orc. The orc hits you with a +0 club.
The orc hits you but does no damage.
The orc priest looks encouraged for a moment.
HP[-2]
You take 2 damage, and now have 48/50 hp.
You claw the orc!
You kill the orc!
The orc priest invokes the aid of Beogh against you.
Pain shoots through your body! The orc completely misses you.
HP[-4]
You take 4 damage, and now have 44/50 hp.
You closely miss the orc. You block the orc's attack.
HP[+1]
You barely miss the orc priest.
The orc priest hits you but does no damage.
The orc closely misses you.
The endoplasm jiggles.
The orc priest casts a cantrip, but nothing happens.
HP[+1]
You completely miss the orc priest. The orc closely misses you.
You block the orc priest's attack.
The orc priest hits you with a +0 short sword.
HP[-3]
You take 3 damage, and now have 43/50 hp.
You closely miss the orc priest. You block the orc's attack.
The orc priest hits you but does no damage.
The orc priest calls down the wrath of Beogh upon you.
Beogh smites you!
HP[-13]
You take 13 damage, and now have 30/50 hp.
MASSIVE DAMAGE!! (PAUSE)
You barely miss the orc priest. The orc priest barely misses you.
The orc priest hits you with a +0 short sword.
* * * LOW HITPOINT WARNING * * *
You block the orc's attack. x2; The orc priest hits you with a +0 whip.
* * * LOW HITPOINT WARNING * * *
The orc priest hits you but does no damage.
HP[-6]
You take 6 damage, and now have 24/50 hp.
You barely miss the orc priest. The orc priest hits you with a +0 whip.
* * * LOW HITPOINT WARNING * * *
You block the orc priest's attack. You block the orc's attack.
HP[-1]
You take 1 damage, and now have 23/50 hp.
You mangle the orc priest!!
You kill the orc priest!
The orc closely misses you. You block the orc priest's attack.
HP[+1] Unknown command.
You claw the orc priest! The orc hits you but does no damage.
The orc priest closely misses you. The endoplasm freezes you.
You are frozen.
* * * LOW HITPOINT WARNING * * *
HP[-3]
You take 3 damage, and now have 21/50 hp.
You barely miss the orc priest. The orc hits you with a +0 club.
* * * LOW HITPOINT WARNING * * *
The orc priest invokes the aid of Beogh against you.
Beogh smites you!
* * * LOW HITPOINT WARNING * * *
The endoplasm freezes you.
You are frozen.
You die...

Skill      XL: |  1  2  3  4 |
---------------+-------------+-----
Unarmed Combat | 3 4 |  4.6
Shields        | 3 |  3.3
Throwing       | 1 |  1.7
Fighting       | |  2.4
Dodging        | |  2.4

Action                   |  1- 3 |  4- 6 || total
-------------------------+-------+-------++-------
Melee: Unarmed           |   127 |   105 ||   232
  Use: Scroll            |     1 |     1 ||     2
Armor: Robe              |    38 |       ||    38
       Animal skin       |    17 |    43 ||    60
Dodge: Dodged            |    37 |    34 ||    71
Block: Kite shield       |    42 |    40 ||    82

Levels and vault maps discovered:
D:1:      scummos_arrival_checkerplants, layout_loops_corners,
          kennysheep_another_room, minmay_misc_feat_diagonals,
          minmay_misc_feat_cross, chequers_serial_rivers_small_a
D:2:      layout_loops_ring, uniq_robin
D:3:      layout_basic, cheibrodos_sewer_entry_drain, uniq_crazy_yiuf_cottage

Notes
Turn   | Place    | Note
-------+----------+-------------------------------------------
     0 | D:1      | Crownlay the Troll Fighter began the quest for the Orb.
     0 | D:1      | Reached XP level 1. HP: 22/22 MP: 0/0
     0 | D:1      | magus.rc [v1.11.3]
   181 | D:1      | Reached XP level 2. HP: 29/29 MP: 1/1
   181 | D:1      | magus.rc [v1.11.3]
   187 | D:1      | magus.rc [v1.11.3]
   578 | D:1      | Reached skill level 3 in Unarmed Combat
   932 | D:2      | Reached XP level 3. HP: 36/36 MP: 2/2
  1221 | D:2      | Noticed Robin
  1229 | D:2      | Killed Robin
  1648 | D:3      | Found a glowing drain.
  1675 | D:3      | Reached XP level 4. HP: 44/44 MP: 3/3
  1696 | Sewer    | Entered a sewer
  1750 | Sewer    | Reached skill level 3 in Shields
  1762 | Sewer    | Reached skill level 1 in Throwing
  1871 | Sewer    | Reached skill level 4 in Unarmed Combat
  1973 | Sewer    | Noticed a bullfrog
  1988 | Sewer    | Killed a bullfrog
  1989 | Sewer    | Reached XP level 5. HP: 32/50 MP: 4/4
  2355 | D:3      | HP: 4/50 [orc priest/divine providence (16)]
  2355 | D:3      | Frozen to death by an endoplasm

Vanquished Creatures
  A bullfrog (Sewer)
  An orc priest (D:3)
  Robin (D:2)
  2 adders (Sewer)
  2 dart slugs (D:1)
  An orc (D:3)
  4 endoplasms
  8 giant cockroaches
  12 goblins
  6 hobgoblins
  4 quokkas
  12 ball pythons
  4 bats
  12 frilled lizards
  5 kobolds
  5 rats
80 creatures vanquished.

Table legend:
 A = Non-vault XP
 B = Vault XP
 C = Vault XP percentage of total XP
 D = Non-vault monster count
 E = Vault monster count
 F = Vault count percentage of total count
                 A         B        C        D         E       F
            +---------+---------+-------+---------+---------+-------
      Total |     103 |     192 |  65.1 |      37 |      43 |  53.8
            +---------+---------+-------+---------+---------+-------
        D:1 |      38 |       0 |   0.0 |      23 |       0 |   0.0
        D:2 |      16 |      40 |  71.4 |       9 |      13 |  59.1
        D:3 |      49 |       2 |   3.9 |       5 |       2 |  28.6
      Sewer |       0 |     150 | 100.0 |       0 |      28 | 100.0
            +---------+---------+-------+---------+---------+-------

Illustrated notes

Table legend:
 A = Kills in this place as a percentage of kills in entire the game.
 B = Kills by you in this place as a percentage of kills by you in the entire game.
 C = Kills by friends in this place as a percentage of kills by friends in the entire game.
 D = Other kills in this place as a percentage of other kills in the entire game.
 E = Experience gained in this place as a percentage of experience gained in the entire game.
 F = Experience gained in this place divided by the number of levels of this place that you have seen.
                   A       B       C       D       E      F
               +-------+-------+-------+-------+-------+----------------------
         Total | 100.0 | 100.0 |   N/A |   N/A | 100.0 |  73.8
       Dungeon |  65.0 |  65.0 |   N/A |   N/A |  49.2 |  48.3
         Sewer |  35.0 |  35.0 |   N/A |   N/A |  50.8 | 150.0
               +-------+-------+-------+-------+-------+----------------------

Table legend: (Time is in decaauts)
 A = Elapsed time spent in this place.
 B = Non-inter-level travel time spent in this place.
 C = Inter-level travel time spent in this place.
 D = Time resting spent in this place.
 E = Time spent auto-exploring this place.
 F = Levels seen in this place.
 G = Mean time per level.
                   A        B        C        D        E       F      G
               +--------+--------+--------+--------+--------+-----+--------+
         Total |   2481 |   2451 |     30 |      0 |   1816 |   4 |  620.2 |
       Dungeon |   1826 |   1796 |     30 |      0 |   1405 |   3 |  608.7 |
         Sewer |    654 |    654 |      0 |      0 |    410 |   1 |  654.0 |
               +--------+--------+--------+--------+--------+-----+--------+

Top non-repeatable levels by time:
     D:1: 854 daAuts
     D:2: 743 daAuts
   Sewer: 654 daAuts
     D:3: 228 daAuts
